 Dungeon Crawl Stone Soup version 0.29-a0-323-g050149af67 (webtiles) character file.

Game seed: 13834482443605969383

156 spaghetti the Magician (level 4, -1/33 HPs)
             Began as a Demigod Fire Elementalist on Apr 10, 2022.
             Slain by a sky beast (6 damage)
             ... on level 5 of the Dungeon.
             The game lasted 00:03:07 (3245 turns).

spaghetti the Magician (Demigod Fire Elementalist)  Turns: 3245, Time: 00:03:08

Health: -1/33      AC:  3    Str:  9    XL:     4   Next: 92%
Magic:  5/13       EV: 12    Int: 21    God:
Gold:   139        SH:  0    Dex: 14    Spells: 11/12 levels left

rFire   . . .      SeeInvis .   f - +1 whip (elec) {mace}
rCold   . . .      Faith    .   (no shield)
rNeg    . . .      Spirit   .   a - +0 robe
rPois   .          Reflect  .   j - +0 helmet
rElec   .          Harm     .   (no cloak)
rCorr   .          Rampage  .   (no gloves)
Will    .....                   (no boots)
Stlth   ++........              (no amulet)
HPRegen 0.11/turn               (no ring)
MPRegen 0.13/turn               (no ring)

@: no status effects
A: high MP 1, forlorn, divine attributes
a: no special abilities


You were on level 5 of the Dungeon.
You visited 1 branch of the dungeon, and saw 4 of its levels.

You collected 139 gold pieces.


Innate Abilities, Weirdness & Mutations

You have an increased reservoir of magic. (+10% MP)
You shall have no god before yourself.
Your divine heritage dramatically boosts your attributes as you level up.


   Skills:
 - Level 1.9 Dodging
 - Level 1.7 Stealth
 + Level 4.5 Spellcasting
 - Level 0.8 Conjurations
 - Level 2.6 Fire Magic


You had 11 spell levels left.
You knew the following spells:

 Your Spells              Type           Power      Damage    Failure   Level
a - Foxfire               Conj/Fire      48%        2x1d6     5%          1

Your spell library contained the following spells:

 Spells                   Type           Power      Damage    Failure   Level
 Scorch                   Fire           32%        2d7       6%          2
 Sting                    Tmut/Pois      16%        1d3       12%         1
 Poisonous Vapours        Pois/Air       8%         N/A       17%         2
 Conjure Flame            Conj/Fire      12%        6-21      17%         3
 Inner Flame              Hex/Fire       10%        N/A       21%         3
 Flame Wave               Conj/Fire      12%        2d6       50%         4
 Cause Fear               Hex            2%         N/A       75%         4
 Olgreb's Toxic Radiance  Pois           4%         N/A       75%         4
 Discord                  Hex            2%         N/A       100%        8

Inventory:

Hand Weapons
 f - a +1 whip of electrocution (weapon) {mace}
   (You took it off a kobold on level 1 of the Dungeon)
Missiles
 g - 91 stones {throwing}
Armour
 a - a +0 robe (worn)
 j - a +0 helmet (worn)
   (You found it on level 1 of the Dungeon)
 m - a +0 pair of boots
   (You found it on level 2 of the Dungeon)
Scrolls
 h - a scroll of fear {unknown}
 n - 5 scrolls of identify {unknown}
Potions
 b - a potion of magic
 e - 2 potions of might {unknown}
 i - a potion of attraction {unknown}
 k - a potion of invisibility {unknown}
 l - a potion of curing {unknown}
 o - a potion of mutation {unknown}

Dungeon Overview and Level Annotations

Branches:
Dungeon (3/15)

##### )...... #...#
....... #...# .......
#...# .....<.
#...#........
#...##....#
#...##Yยง..##..#....#
#....@.ยง...#..#....#
#..........#..#....#
#..........#..#....#
#..........#..#....#
#..........#..#....#
#...##....##..#....#
#...##....##..'....#
#.............#...>#
#.............#....#


You could see a sky beast.


Message History

There is an open door here.
Key pressed, stopping explore.
Key pressed, stopping explore.
Unknown command.
Unknown command.
You now have 130 gold pieces (gained 16).
Key pressed, stopping explore.
Found a stone staircase leading down.
You now have 139 gold pieces (gained 9).
You open the door.
There is an open door here.
Found an escape hatch in the ceiling.
A sky beast comes into view.
The sky beast flickers out of sight!
Deactivating autopickup; reactivate with Ctrl-A.
Casting: Foxfire (safe; 5% risk of failure)
Confirm with . or Enter, or press ? or * to list all spells.
You conjure some foxfire! ๐Ÿ˜Ž MP[-1]
You lost 1 mp, and now have 12/13 mp.
Casting: Foxfire (safe; 5% risk of failure)
Confirm with . or Enter, or press ? or * to list all spells.
You conjure some foxfire! ๐Ÿ˜Ž MP[-1]
You lost 1 mp, and now have 11/13 mp.
There is a strange disturbance nearby!
There is a strange disturbance nearby!
Casting: Foxfire (safe; 5% risk of failure)
Confirm with . or Enter, or press ? or * to list all spells.
You conjure some foxfire!
The foxfire hits something. ๐Ÿ˜Ž MP[-1]
You lost 1 mp, and now have 10/13 mp.
Casting: Foxfire (safe; 5% risk of failure)
Confirm with . or Enter, or press ? or * to list all spells.
You conjure some foxfire!
The foxfire hits something.
The foxfire hits something but does no damage.
The foxfire hits something. x2 ๐Ÿ˜Ž MP[-1]
You lost 1 mp, and now have 9/13 mp.
Casting: Foxfire (safe; 5% risk of failure)
Confirm with . or Enter, or press ? or * to list all spells.
You conjure some foxfire!
The foxfire hits something but does no damage. ๐Ÿ˜Ž MP[-1]
You lost 1 mp, and now have 8/13 mp.
Casting: Foxfire (safe; 5% risk of failure)
Confirm with . or Enter, or press ? or * to list all spells.
You conjure some foxfire!
Something hits you.
Something shocks you. ๐Ÿ˜• HP[-8] MP[-1]
You take 8 damage, and now have 25/33 hp.
MASSIVE DAMAGE!! (PAUSE)
You lost 1 mp, and now have 7/13 mp.
Casting: Foxfire (safe; 5% risk of failure)
Confirm with . or Enter, or press ? or * to list all spells.
You conjure some foxfire!
The foxfire hits something. x4
Something hits you but does no damage. ๐Ÿ˜• MP[-1]
You lost 1 mp, and now have 6/13 mp.
Casting: Foxfire (safe; 5% risk of failure)
Confirm with . or Enter, or press ? or * to list all spells.
You conjure some foxfire!
The foxfire hits something but does no damage.
Something hits you. Something shocks you. ๐Ÿ˜ฎ HP[-7]
You take 7 damage, and now have 18/33 hp.
MASSIVE DAMAGE!! (PAUSE)
Casting: Foxfire (safe; 5% risk of failure)
Confirm with . or Enter, or press ? or * to list all spells.
You conjure some foxfire!
The foxfire hits something but does no damage.
The foxfire hits something.
Something hits you. Something shocks you.
* * * LOW HITPOINT WARNING * * *
๐Ÿ˜จ HP[-7] MP[-1]
You take 7 damage, and now have 11/33 hp.
MASSIVE DAMAGE!! (PAUSE)
You lost 1 mp, and now have 5/13 mp.
Unknown command.
It was a potion of resistance.
You feel protected.
The foxfire hits something but does no damage.
The foxfire hits something.
Something hits you.
* * * LOW HITPOINT WARNING * * *
Something shocks you. You resist.
* * * LOW HITPOINT WARNING * * *
๐Ÿ˜ฑ HP[-4]
You take 4 damage, and now have 7/33 hp.
Unknown command.
Unknown command.
It was a potion of cancellation.
Your magical effects are unravelling.
You feel magically purged.
Your resistance to elements expires.
A sky beast appears from thin air!
Reactivating autopickup.
The sky beast closely misses you.
Unknown command.
You hit the sky beast. The sky beast hits you.
* * * LOW HITPOINT WARNING * * *
The sky beast shocks you.
You die...

Skill      XL: |  1  2  3 |
---------------+----------+-----
Spellcasting   | 2 3 4 |  4.5
Dodging        | |  1.9
Stealth        | |  1.7
Conjurations   | |  0.8
Fire Magic     | |  2.6

Action                   |  1- 3 |  4- 6 || total
-------------------------+-------+-------++-------
Melee: Unarmed           |    12 |       ||    12
       Whip              |     5 |     6 ||    11
 Cast: Foxfire           |   122 |    46 ||   168
  Use: Potion            |       |     2 ||     2
Armor: Robe              |     6 |     3 ||     9
Dodge: Dodged            |    20 |     7 ||    27

Levels and vault maps discovered:
D:1:      ebering_trefoil_twist, layout_rooms, shapermc_ecumenical_altar_ellora,
          minmay_tetromino_i4
D:2:      layout_loops_corners, serial_forest, infiniplex_forest_lined_room_2,
          infiniplex_forest_lined_2, infiniplex_forest_lined_corner,
          infiniplex_forest_diagonal, infiniplex_forest_zigzag_2,
          infiniplex_forest_lined_3, infiniplex_forest_lined_room_2,
          minmay_misc_feat_encased
D:3:      layout_rooms, nicolae_overflow_hidden_temple,
          minmay_increasing_density, uniq_natasha
D:5:      layout_gridville, minmay_temple_entry_glassed_door, serial_shops,
          nicolae_shop_bloodbath_and_beyond, kennysheep_mini,
          kennysheep_mini_moat, shop, uniq_edmund

Notes
Turn   | Place    | Note
-------+----------+-------------------------------------------
     0 | D:1      | spaghetti the Demigod Fire Elementalist began the quest for
                  | the Orb.
     0 | D:1      | Reached XP level 1. HP: 14/14 MP: 5/5
     0 | D:1      | magus.rc [v1.9.6]
    42 | D:1      | HP: 3/14 [ball python (2)]
   317 | D:1      | Reached skill level 2 in Spellcasting
   464 | D:1      | Reached XP level 2. HP: 20/20 MP: 2/7
  1293 | D:2      | Reached skill level 3 in Spellcasting
  1359 | D:2      | You add the spells Sting, Poisonous Vapours and Olgreb's
                  | Toxic Radiance to your library.
  1425 | D:2      | Reached XP level 3. HP: 26/26 MP: 8/10
  2203 | D:2      | You pick up a book of Hexes and begin reading...
  2203 | D:2      | You add the spells Cause Fear and Discord to your library.
  2509 | D:3      | Noticed a bullfrog
  2524 | D:3      | Killed a bullfrog
  2525 | D:3      | Reached skill level 4 in Spellcasting
  2525 | D:3      | Reached XP level 4. HP: 24/33 MP: 4/13
  3161 | D:3      | You fall into a shaft and drop 2 floors!
  3161 | D:5      | Entered Level 5 of the Dungeon
  3233 | D:5      | Noticed a sky beast
  3243 | D:5      | HP: 8/33 [something (4)]
  3245 | D:5      | Slain by a sky beast

Vanquished Creatures
  A bullfrog (D:3)
  4 adders
  3 worms (D:2)
  A dart slug (D:3)
  An orc (D:3)
  5 bats
  2 endoplasms
  A giant cockroach (D:2)
  4 goblins
  5 hobgoblins
  A jackal (D:3)
  3 quokkas
  6 ball pythons
  4 kobolds (D:1)
  4 rats
45 creatures vanquished.

Vanquished Creatures (others)
  280 foxfires
280 creatures vanquished.

Grand Total: 325 creatures vanquished

Table legend:
 A = Non-vault XP
 B = Vault XP
 C = Vault XP percentage of total XP
 D = Non-vault monster count
 E = Vault monster count
 F = Vault count percentage of total count
                 A         B        C        D         E       F
            +---------+---------+-------+---------+---------+-------
      Total |     213 |      11 |   4.9 |      40 |       5 |  11.1
            +---------+---------+-------+---------+---------+-------
        D:1 |      29 |       4 |  12.1 |      18 |       2 |  10.0
        D:2 |      68 |       0 |   0.0 |      14 |       0 |   0.0
        D:3 |     116 |       7 |   5.7 |       8 |       3 |  27.3
            +---------+---------+-------+---------+---------+-------

Illustrated notes

Table legend:
 A = Kills in this place as a percentage of kills in entire the game.
 B = Kills by you in this place as a percentage of kills by you in the entire game.
 C = Kills by friends in this place as a percentage of kills by friends in the entire game.
 D = Other kills in this place as a percentage of other kills in the entire game.
 E = Experience gained in this place as a percentage of experience gained in the entire game.
 F = Experience gained in this place divided by the number of levels of this place that you have seen.
                   A       B       C       D       E      F
               +-------+-------+-------+-------+-------+----------------------
         Total | 100.0 | 100.0 |   N/A |   N/A | 100.0 |  56.0
       Dungeon | 100.0 | 100.0 |   N/A |   N/A | 100.0 |  56.0
               +-------+-------+-------+-------+-------+----------------------

Table legend: (Time is in decaauts)
 A = Elapsed time spent in this place.
 B = Non-inter-level travel time spent in this place.
 C = Inter-level travel time spent in this place.
 D = Time resting spent in this place.
 E = Time spent auto-exploring this place.
 F = Levels seen in this place.
 G = Mean time per level.
                   A        B        C        D        E       F      G
               +--------+--------+--------+--------+--------+-----+--------+
         Total |   3246 |   3211 |     35 |    562 |   2317 |   4 |  811.5 |
       Dungeon |   3246 |   3211 |     35 |    562 |   2317 |   4 |  811.5 |
               +--------+--------+--------+--------+--------+-----+--------+

Top non-repeatable levels by time:
     D:2: 1336 daAuts
     D:1: 1152 daAuts
     D:3: 674 daAuts
     D:5: 83 daAuts
